 Dungeon Crawl Stone Soup version 0.25.1-2-g60ff931df9 (webtiles) character file.

Game seed: 11288292182001489742

217 markt42 the Covered (level 5, -1/32 HPs)
             Began as a Gargoyle Fighter on Oct 11, 2020.
             Slain by a phantom (3 damage)
             ... on level 2 of the Dungeon.
             The game lasted 00:03:09 (3596 turns).

markt42 the Covered (Gargoyle Fighter)              Turns: 3596, Time: 00:03:09

Health: -1/32      AC: 16    Str: 19      XL:     5   Next: 94%
Magic:  5/5        EV:  5    Int:  7 (9)  God:
Gold:   97         SH:  9    Dex:  8 (10) Spells: 4/4 levels left

rFire    . . .     SeeInvis .   a - +0 flail
rCold    . . .     Gourm    .   c - +0 kite shield
rNeg     + . .     Faith    .   l - +0 chain mail
rPois    ∞         Spirit   .   d - +2 hat
rElec    +         Reflect  .   (no cloak)
rCorr    .         Harm     .   m - +0 pair of gloves
MR       .....                  (no boots)
Stlth    ..........             (no amulet)
HPRegen  0.10/turn              (no ring)
MPRegen  0.09/turn              (no ring)

@: no status effects
A: negative energy resistance 1, electricity resistance, unbreathing,
petrification resistance, rot immunity, AC +4
a: no special abilities


You were on level 2 of the Dungeon.
You were very hungry.

You visited 1 branch of the dungeon, and saw 3 of its levels.

You collected 97 gold pieces.

Inventory:

Hand Weapons
 a - a +0 flail (weapon)
Armour
 c - a +0 kite shield (worn)
 d - a +2 hat (worn)
 l - a +0 chain mail (worn)
 m - a +0 pair of gloves (worn)
Scrolls
 e - 8 scrolls of identify {unknown}
 i - a scroll of teleportation {unknown}
 j - 2 scrolls of blinking {unknown}
Comestibles
 f - 5 rations


   Skills:
 + Level 3.5 Fighting
 * Level 4.5 Maces & Flails
 * Level 4.6 Armour
 + Level 0.3 Dodging
 + Level 3.9 Shields


You had 4 spell levels left.
You didn't know any spells.
Your spell library was empty.

Dungeon Overview and Level Annotations

Branches:
Dungeon (3/15)

Altars:
Fedhas


Innate Abilities, Weirdness & Mutations

You are resistant to torment.
Your stone body is resilient. (AC +4)
You are immune to poison.
You resist negative energy. (rN+)
You are resistant to electric shocks. (rElec)
You can survive without breathing.
You are immune to petrification.
You are immune to rotting.


Message History

Your shield and chain mail prevent you from hitting the phantom.
The phantom is severely damaged.
You block the phantom's attack.
Your chain mail prevents you from hitting the phantom.
The phantom is severely damaged.
You feel a little less mighty now.
The phantom hits you but does no damage.
The phantom hits you.
* * * LOW HITPOINT WARNING * * *
You closely miss the phantom.
The phantom is severely damaged.
The phantom hits you but does no damage.
Your shield and chain mail prevent you from hitting the phantom.
The phantom is severely damaged.
The phantom hits you.
* * * LOW HITPOINT WARNING * * *
You closely miss the phantom.
The phantom is severely damaged.
The phantom hits you.
You die...

#.................
#.###############.
#.# #. #.# #. #.#
#. #.# ######## #.
#.# #....[.# #.
#W####......######
#@...............#
#.####......####..
##'####......#####.
#..............# #.
#..............# ##
#......#####...# ##
#......# ##### #.
#......###### #.
#####...........#
#.


You could see a phantom.

Vanquished Creatures
  An orc wizard (D:3)
  6 gnolls (D:3)
  4 adders
  2 oozes
  3 worms (D:2)
  5 dart slugs
  2 leopard geckos
  3 orcs (D:3)
  2 giant cockroaches
  4 goblins
  10 hobgoblins
  4 jackals (D:2)
  A ball python (D:1)
  6 bats
  7 frilled lizards
  7 kobolds
  10 rats
77 creatures vanquished.

Vanquished Creatures (others)
  A kobold (D:1)
1 creature vanquished.

Grand Total: 78 creatures vanquished

Notes
Turn   | Place    | Note
-------+----------+-------------------------------------------
     0 | D:1      | markt42 the Gargoyle Fighter began the quest for the Orb.
     0 | D:1      | Reached XP level 1. HP: 14/14 MP: 1/1
    99 | D:1      | Reached XP level 2. HP: 19/19 MP: 2/2
   538 | D:1      | Reached XP level 3. HP: 23/23 MP: 3/3
   971 | D:2      | Found a blossoming altar of Fedhas.
  1077 | D:2      | Reached XP level 4. HP: 28/28 MP: 4/4
  2414 | D:3      | Reached XP level 5. HP: 32/32 MP: 5/5
  3456 | D:3      | Noticed a phantom
  3506 | D:3      | HP: 1/32 [phantom (1)]
  3596 | D:2      | Slain by a phantom

Illustrated notes

Levels and vault maps discovered:
D:1:      shiori_arrival_oz, layout_rooms
D:2:      layout_basic, fedhas_altar_2
D:3:      layout_loops_ring

Skill      XL: |  1  2  3  4  5 |
---------------+----------------+-----
Armour         | 4 |  4.6
Maces & Flails | 3 4 |  4.5
Fighting       | |  3.5
Dodging        | |  0.3
Shields        | |  3.9

Action                   |  1- 3 |  4- 6 || total
-------------------------+-------+-------++-------
Melee: Flail             |   136 |   214 ||   350
Evoke: Wand              |       |    17 ||    17
  Use: Potion            |       |    10 ||    10
  Eat: Chunk             |     1 |     7 ||     8
Armor: Scale mail        |    81 |     3 ||    84
       Chain mail        |       |   181 ||   181
Dodge: Dodged            |    54 |    43 ||    97
Block: Kite shield       |    72 |   109 ||   181
